3L
THUNDER BAY NORTHERN LIONS BC @ MONTANA PANDAS
05/06/2021
 
TOP OF THE 1ST
Thunder Bay Northern Lions BC batting - Pitching for Montana Pandas : RHP Kuemon Hirata
Pitching: RHP Kuemon Hirata
Batting: LHB Curtis Peters 0-0: Ball
1-0: Bunt missed!
1-1: Foul Ball, location: 2F
1-2: Foul Ball, location: 2F
1-2: Ball
2-2: Fly out, F7 (Line Drive, 7S)
Batting: LHB John Brewer 0-0: Called Strike
0-1: Ball
1-1: DOUBLE (Flyball, 7LM)
Batting: RHB Robert O'Connor 0-0: Ball
1-0: Called Strike
1-1: Ball
2-1: Called Strike
2-2: Strikes out swinging
Batting: SHB Arnold Griffith 0-0: Fly out, F7 (Flyball, 78D)
Top of the 1st over - 0 run(s), 1 hit(s), 0 error(s), 1 left on base; Thunder Bay 0 - Montana 0
BOTTOM OF THE 1ST
Montana Pandas batting - Pitching for Thunder Bay Northern Lions BC : RHP David Smith
Pitching: RHP David Smith
Batting: SHB Mustapha Gonzales 0-0: Foul Ball, location: 2F
0-1: Foul Ball, location: 2F
0-2: Ground out 6-3 (Groundball, 6)
Batting: RHB Bob Sargent 0-0: Foul Ball, location: 2F
0-1: Foul Ball, location: 2F
0-2: Fly out, F9 (Popup, 8RS)
Batting: RHB Millard Watson 0-0: Ball
1-0: Ground out 6-3 (Groundball, 6)
Bottom of the 1st over - 0 run(s), 0 hit(s), 0 error(s), 0 left on base; Thunder Bay 0 - Montana 0
TOP OF THE 2ND
Thunder Bay Northern Lions BC batting - Pitching for Montana Pandas : RHP Kuemon Hirata
Batting: LHB Juan Durán 0-0: Ball
1-0: Called Strike
1-1: Foul Ball, location: 2F
1-2: Strikes out swinging
Batting: RHB Jonathan Cook 0-0: SINGLE (Line Drive, 34)
Batting: RHB Keith Burnett 0-0: SINGLE (Groundball, 4MD)
Jonathan Cook to second
Batting: RHB Iván Vargas 0-0: Ball
1-0: Called Strike
1-1: Ball
2-1: Ground out 5-3 (Groundball, 5S)
Jonathan Cook to third
Keith Burnett to second
Batting: RHB Ricardo Cruz 0-0: Ball
1-0: Ball
2-0: Swinging Strike
2-1: Called Strike
2-2: Ball
3-2: Foul Ball, location: 2F
3-2: SINGLE (Line Drive, 7LS)
Jonathan Cook scores
Keith Burnett to third
Keith Burnett scores
Batting: LHB Curtis Peters 0-0: Called Strike
0-1: SINGLE (Line Drive, 34D)
Ricardo Cruz to second
Batting: LHB John Brewer 0-0: Called Strike
0-1: Ball
1-1: Ball
2-1: Ground out 4-3 (Groundball, 4)
Top of the 2nd over - 2 run(s), 4 hit(s), 0 error(s), 2 left on base; Thunder Bay 2 - Montana 0
BOTTOM OF THE 2ND
Montana Pandas batting - Pitching for Thunder Bay Northern Lions BC : RHP David Smith
Batting: LHB Andrés Ibarra 0-0: Ball
1-0: Ball
2-0: Called Strike
2-1: Ball
3-1: Foul Ball, location: 2F
3-2: SOLO HOME RUN (Flyball, 9D), Distance : 358 ft
Batting: LHB Steve Riggs 0-0: Ball
1-0: Ball
2-0: Ball
3-0: Called Strike
3-1: Base on Balls
Batting: SHB Juan Sánchez 0-0: SINGLE (Groundball, 25) (infield hit)
Steve Riggs to second
Batting: RHB Carlos Vera 0-0: Called Strike
0-1: Called Strike
0-2: Ball
1-2: Foul Ball, location: 2F
1-2: Grounds into double play, 5-4-3 (Groundball, 56)
Steve Riggs to third
Batting: RHB Soseki Matsunaga 0-0: Ball
1-0: Ground out 6-3 (Groundball, 6)
Bottom of the 2nd over - 1 run(s), 2 hit(s), 0 error(s), 1 left on base; Thunder Bay 2 - Montana 1
TOP OF THE 3RD
Thunder Bay Northern Lions BC batting - Pitching for Montana Pandas : RHP Kuemon Hirata
Batting: RHB Robert O'Connor 0-0: Ball
1-0: Ball
2-0: Called Strike
2-1: Ball
3-1: Foul Ball, location: 2F
3-2: Foul Ball, location: 2F
3-2: Strikes out looking
Batting: SHB Arnold Griffith 0-0: SINGLE (Groundball, 5D)
Batting: LHB Juan Durán 0-0: Ball
Arnold Griffith steals 2nd base
1-0: Ball
2-0: Ball
3-0: Base on Balls
Batting: RHB Jonathan Cook 0-0: Fly out, F7 (Flyball, 7M)
Batting: RHB Keith Burnett 0-0: Ball
1-0: Ball
2-0: TRIPLE (Flyball, 89XD)
Arnold Griffith scores
Juan Durán scores
Batting: RHB Iván Vargas 0-0: Called Strike
0-1: Ground out 4-3 (Groundball, 34)
Top of the 3rd over - 2 run(s), 2 hit(s), 0 error(s), 1 left on base; Thunder Bay 4 - Montana 1
BOTTOM OF THE 3RD
Montana Pandas batting - Pitching for Thunder Bay Northern Lions BC : RHP David Smith
Batting: RHB Alberto Ortíz 0-0: Ball
1-0: Bunted foul
1-1: Swinging Strike
1-2: Foul Ball, location: 2F
1-2: Ball
2-2: Ball
3-2: Strikes out swinging
Batting: SHB Mustapha Gonzales 0-0: Ball
1-0: Fly out, F3 (Line Drive, 34)
Batting: RHB Bob Sargent 0-0: Ball
1-0: Swinging Strike
1-1: Fly out, F3 (Popup, 3F)
Bottom of the 3rd over - 0 run(s), 0 hit(s), 0 error(s), 0 left on base; Thunder Bay 4 - Montana 1
TOP OF THE 4TH
Thunder Bay Northern Lions BC batting - Pitching for Montana Pandas : RHP Kuemon Hirata
Batting: RHB Ricardo Cruz 0-0: Called Strike
0-1: Ball
1-1: Ball
2-1: Foul Ball, location: 2F
2-2: Foul Ball, location: 2F
2-2: Strikes out swinging
Batting: LHB Curtis Peters 0-0: Called Strike
0-1: Foul Ball, location: 2F
0-2: Ground out U3 (Groundball, 3S)
Batting: LHB John Brewer 0-0: Called Strike
0-1: Swinging Strike
0-2: Ball
1-2: Foul Ball, location: 2F
1-2: Ball
2-2: Ball
3-2: Foul Ball, location: 2F
3-2: Strikes out swinging
Top of the 4th over - 0 run(s), 0 hit(s), 0 error(s), 0 left on base; Thunder Bay 4 - Montana 1
BOTTOM OF THE 4TH
Montana Pandas batting - Pitching for Thunder Bay Northern Lions BC : RHP David Smith
Batting: RHB Millard Watson 0-0: Called Strike
0-1: Ground out 5-3 (Groundball, 5)
Batting: LHB Andrés Ibarra 0-0: Ball
1-0: Ball
2-0: Ball
3-0: Called Strike
3-1: Foul Ball, location: 2F
3-2: Base on Balls
Batting: LHB Steve Riggs 0-0: Called Strike
0-1: Ball
1-1: Ball
2-1: Swinging Strike
2-2: 2-RUN HOME RUN (Flyball, 9LD), Distance : 336 ft
Pitching: RHP José Salinas
Batting: SHB Juan Sánchez 0-0: Called Strike
0-1: Called Strike
0-2: Strikes out swinging
Batting: RHB Carlos Vera 0-0: Called Strike
0-1: Called Strike
0-2: Strikes out swinging
Bottom of the 4th over - 2 run(s), 1 hit(s), 0 error(s), 0 left on base; Thunder Bay 4 - Montana 3
TOP OF THE 5TH
Thunder Bay Northern Lions BC batting - Pitching for Montana Pandas : RHP Kuemon Hirata
Batting: RHB Robert O'Connor 0-0: Ball
1-0: Called Strike
1-1: Foul Ball, location: 2F
1-2: Fly out, F4 (Popup, 3D)
Pitching: RHP Jason McKinney
Batting: SHB Arnold Griffith 0-0: Ground out 3-1 (Groundball, 34S)
Batting: LHB Juan Durán 0-0: Ball
1-0: Fly out, F7 (Flyball, 7S)
Top of the 5th over - 0 run(s), 0 hit(s), 0 error(s), 0 left on base; Thunder Bay 4 - Montana 3
BOTTOM OF THE 5TH
Montana Pandas batting - Pitching for Thunder Bay Northern Lions BC : RHP José Salinas
Batting: RHB Soseki Matsunaga 0-0: Ground out 5-3 (Groundball, 56S)
Batting: RHB Alberto Ortíz 0-0: Ball
1-0: Called Strike
1-1: Fly out, F9 (Line Drive, 89S)
Batting: SHB Mustapha Gonzales 0-0: Ball
1-0: Fly out, F5 (Popup, 5S)
Bottom of the 5th over - 0 run(s), 0 hit(s), 0 error(s), 0 left on base; Thunder Bay 4 - Montana 3
TOP OF THE 6TH
Thunder Bay Northern Lions BC batting - Pitching for Montana Pandas : RHP Jason McKinney
Batting: RHB Jonathan Cook 0-0: Ball
1-0: Foul Ball, location: 2F
1-1: Ball
2-1: Ball
3-1: Base on Balls
Batting: RHB Keith Burnett 0-0: Ball
1-0: Bunted foul
1-1: Ball
2-1: Sac Bunt - play at first, batter OUT! 1-4
Jonathan Cook to second
Batting: RHB Iván Vargas 0-0: Foul Ball, location: 2F
0-1: Foul Ball, location: 2F
0-2: Ball
1-2: Foul Ball, location: 2F
1-2: Strikes out swinging
Batting: RHB Ricardo Cruz 0-0: Ball
1-0: Foul Ball, location: 2F
1-1: Ball
2-1: Ball
3-1: Foul Ball, location: 2F
3-2: Fly out, F7 (Flyball, 7D)
Top of the 6th over - 0 run(s), 0 hit(s), 0 error(s), 1 left on base; Thunder Bay 4 - Montana 3
BOTTOM OF THE 6TH
Montana Pandas batting - Pitching for Thunder Bay Northern Lions BC : RHP José Salinas
Batting: RHB Bob Sargent 0-0: Called Strike
0-1: Ball
1-1: Foul Ball, location: 2F
1-2: Strikes out looking
Batting: RHB Millard Watson 0-0: Ball
1-0: Ball
2-0: Called Strike
2-1: Called Strike
2-2: Ball
3-2: Fly out, F6 (Line Drive, 6)
Batting: LHB Andrés Ibarra 0-0: Ball
1-0: Called Strike
1-1: Ball
2-1: Foul Ball, location: 2F
2-2: Ball
3-2: Base on Balls
Batting: LHB Steve Riggs 0-0: Foul Ball, location: 2F
0-1: Ball
1-1: Fly out, F9 (Flyball, 9M)
Bottom of the 6th over - 0 run(s), 0 hit(s), 0 error(s), 1 left on base; Thunder Bay 4 - Montana 3
TOP OF THE 7TH
Thunder Bay Northern Lions BC batting - Pitching for Montana Pandas : RHP Jason McKinney
Batting: LHB Curtis Peters 0-0: Called Strike
0-1: Ball
1-1: Ground out 4-3 (Groundball, 4M)
Batting: LHB John Brewer 0-0: Foul Ball, location: 2F
0-1: Ball
1-1: Called Strike
1-2: Strikes out looking
Batting: RHB Robert O'Connor 0-0: Ball
1-0: Ball
2-0: Foul Ball, location: 2F
2-1: Swinging Strike
2-2: Strikes out swinging
Top of the 7th over - 0 run(s), 0 hit(s), 0 error(s), 0 left on base; Thunder Bay 4 - Montana 3
BOTTOM OF THE 7TH
Montana Pandas batting - Pitching for Thunder Bay Northern Lions BC : RHP José Salinas
Batting: SHB Juan Sánchez 0-0: Ball
1-0: Ball
2-0: Ball
3-0: Called Strike
3-1: Fly out, F7 (Flyball, 78S)
Batting: RHB Carlos Vera 0-0: Ball
1-0: Ground out 1-3 (Groundball, 25)
Batting: RHB Soseki Matsunaga 0-0: Fly out, F5 (Line Drive, 56)
Bottom of the 7th over - 0 run(s), 0 hit(s), 0 error(s), 0 left on base; Thunder Bay 4 - Montana 3
TOP OF THE 8TH
Thunder Bay Northern Lions BC batting - Pitching for Montana Pandas : RHP Jason McKinney
Pitching: RHP Elvin Brooks
Batting: SHB Arnold Griffith 0-0: Ball
1-0: Foul Ball, location: 2F
1-1: SINGLE (Line Drive, 8RS)
Pinch Hitting: RHB Brent Barlow 0-0: Ball
1-0: Foul Ball, location: 2F
1-1: SINGLE (Groundball, 56D)
Arnold Griffith to second
Batting: RHB Jonathan Cook 0-0: Ball
1-0: Ball
2-0: Ball
3-0: Called Strike
3-1: Base on Balls
Arnold Griffith to third
Brent Barlow to second
Batting: RHB Keith Burnett 0-0: Ball
1-0: Called Strike
1-1: Called Strike
1-2: Ball
2-2: Foul Ball, location: 2F
2-2: Foul Ball, location: 2F
2-2: Foul Ball, location: 2F
2-2: Strikes out swinging
Pinch Hitting: LHB Reijiro Sato 0-0: Called Strike
0-1: Ball
1-1: Ball
2-1: Foul Ball, location: 2F
2-2: Foul Ball, location: 2F
2-2: Strikes out swinging
Batting: RHB Ricardo Cruz 0-0: SINGLE (Groundball, 5D)
Arnold Griffith scores
Brent Barlow to third
Jonathan Cook to second
Runner from 3rd tries for Home, SAFE, no throw or cutoff
Pitching: LHP Jeffery Howell
Batting: LHB Curtis Peters 0-0: Ball
1-0: Foul Ball, location: 2F
1-1: Foul Ball, location: 2F
1-2: Ball
2-2: Ball
3-2: Foul Ball, location: 2F
3-2: Fly out, F9 (Popup, 34D)
Top of the 8th over - 2 run(s), 3 hit(s), 0 error(s), 2 left on base; Thunder Bay 6 - Montana 3
BOTTOM OF THE 8TH
Montana Pandas batting - Pitching for Thunder Bay Northern Lions BC : RHP José Salinas
Now at 3B: Brent Barlow
Now in CF: Cedric Fields
Batting: RHB Alberto Ortíz 0-0: Called Strike
0-1: Fly out, F8 (Flyball, 8RM)
Batting: SHB Mustapha Gonzales 0-0: Swinging Strike
0-1: Ball
1-1: Foul Ball, location: 2F
1-2: Ball
2-2: Strikes out swinging
Batting: RHB Bob Sargent 0-0: Ground out 5-3 (Groundball, 5)
Bottom of the 8th over - 0 run(s), 0 hit(s), 0 error(s), 0 left on base; Thunder Bay 6 - Montana 3
TOP OF THE 9TH
Thunder Bay Northern Lions BC batting - Pitching for Montana Pandas : LHP Jeffery Howell
Batting: LHB John Brewer 0-0: SINGLE (Groundball, 4MD)
Batting: RHB Robert O'Connor 0-0: Ball
1-0: Ball
2-0: Grounds into double play, 5-4-3 (Groundball, 56)
Batting: SHB Arnold Griffith 0-0: Called Strike
0-1: SINGLE (Groundball, 6MD) (infield hit)
Batting: RHB Brent Barlow 0-0: Ball
1-0: Ball
2-0: Called Strike
2-1: Ball
3-1: Base on Balls
Arnold Griffith to second
Batting: RHB Jonathan Cook 0-0: Ball
1-0: Called Strike
1-1: SINGLE (Groundball, 5D)
Arnold Griffith to third
Brent Barlow to second
Runner from 3rd tries for Home, SAFE, no throw or cutoff
Batting: RHB Keith Burnett 0-0: Called Strike
0-1: Foul Ball, location: 2F
0-2: Strikes out swinging
Top of the 9th over - 1 run(s), 3 hit(s), 0 error(s), 2 left on base; Thunder Bay 7 - Montana 3
BOTTOM OF THE 9TH
Montana Pandas batting - Pitching for Thunder Bay Northern Lions BC : RHP José Salinas
Pitching: LHP Jake O'Tomalty
Batting: RHB Millard Watson 0-0: Foul Ball, location: 2F
0-1: Ball
1-1: Ball
2-1: Called Strike
2-2: Fly out, F9 (Flyball, 9M)
Batting: LHB Andrés Ibarra 0-0: Fly out, F8 (Flyball, 8LS)
Batting: LHB Steve Riggs 0-0: Ground out U3 (Groundball, 3S)
Bottom of the 9th over - 0 run(s), 0 hit(s), 0 error(s), 0 left on base; Thunder Bay 7 - Montana 3
This league is powered by Out of the Park Baseball, the baseball management simulation game for PC, Mac and Linux
Friday, January 22nd, 2016 - OOTP Baseball 16.9 Build 39